[Event "*** Titled Tuesday Blitz"]
[Site "Chess.com"]
[Date "2019.02.05"]
[Round "8"]
[White "metra93"]
[Black "rasmussvane"]
[Result "1/2-1/2"]
[WhiteElo "2575"]
[BlackElo "2750"]
[TimeControl "180+2"]
[EndTime "15:01:36 PST"]
[Termination "Game drawn by agreement"]

1. d4 Nf6 2. c4 e6 3. Nc3 Bb4 4. e3 O-O 5. Bd3 d5 6. Nf3 dxc4 7. Bxc4 c5 8. O-O Bd7 9. Qe2 Qe7 10. Rd1 Bc6 11.
Ne5 cxd4 12. exd4 h6 13. Rd3 Bxc3 14. bxc3 Be4 15. Rg3 Kh8 16. a4 Rc8 17. Ba3 Qe8 18. Bd6 Bh7 19. Rf3 Nbd7 20. Nxd7 Nxd7 21. a5 Bg6 22.
Rg3 Rc6 23. Bb4 a6 24. Re1 Qd8 25. d5 exd5 26. Bxd5 Qc7 27. Bxc6 bxc6 28. Qe7 c5 29. Bxc5 Qxc5 30. Qxd7 Qxa5 31. h4 Kh7 32. Qd6 Rc8 33. Qe5 Rc5 34. Qd4 Qc7 35. Rge3 Rc4 36. Qe5 Qxe5 37.
Rxe5 Rxh4 38. Rc5 Ra4 39. Kh2 Ra2 40. Kg3 a5 41. Re8 a4 42. Rcc8 Bc2 43. c4 Bb3 44. c5 a3 45. Ra8 Bd5 46. Ra5 Ra1 47. f3 a2 48. Rd8 Be6 49. Rd6 Rc1 50. Rxe6 fxe6 51.
Rxa2 Rxc5 52. Ra6 Re5 53. Ra7 Kg6 54. Ra6 Kf6 55. Ra7 Rd5 56. Ra6 Rb5 57. Ra7 Rb6 58. Ra8 Rd6 59. Ra7 Rd5 60. Rb7 Rg5+ 61. Kf2 Ra5 62.
Rc7 g6 63. Kg3 h5 64. Rc8 Ra4 65. Rb8 Ra7 66. Rc8 Rd7 67. Rf8+ Rf7 68. Ra8 Kf5 69. Ra5+ Kf6 70. Ra6 Re7 71. Rb6 Rd7 72. Ra6 Rd4 73. Ra7 h4+ 74. Kh3 g5 75. g3 Rb4 76. Ra8 Ke5 77. Ra5+ Kf6 78. Ra8 Kg7 79. Ra6 e5 80. Ra5 Kf6 81. Ra8 Rb3 82. Rf8+ Kg7 83. Rf5 Kg6 84. Kg4 Rb4+ 85. f4 gxf4 86. gxf4 e4 87. Re5 e3 88. Rxe3 Kf6 89. Rh3 Rb1 90. Rxh4 Rg1+ 91.
Kf3 Rf1+ 92. Kg3 Rg1+ 93. Kf2 Rb1 94. Rh5 Rb2+ 95. Kf3 Rb1 96. Rh6+ Kf5 97. Rh5+ Kf6 98. Ra5 Rc1 99. Ra6+ Kf5 100. Ra5+ Kf6 101. Kg3 Rd1 102. Kg4 Rg1+ 103. Kf3 Rf1+ 104. Ke4 Re1+ 105. Kf3 Rf1+ 106. Kg3 Rg1+ 107. Kf2 Rb1 1/2-1/2

[Event "*** Titled Tuesday Blitz"]
[Site "Chess.com"]
[Date "2019.02.05"]
[Round "8"]
[White "Vugar_Manafov"]
[Black "staz_staz"]
[Result "0-1"]
[WhiteElo "2362"]
[BlackElo "2358"]
[TimeControl "180+2"]
[EndTime "15:03:37 PST"]
[Termination "staz_staz won by checkmate"]

1. Nf3 c5 2. g3 Nc6 3. Bg2 g6 4. O-O e5 5. d3 Bg7 6. Nc3 Nge7 7. e4 d6 8. Ne1 O-O 9. f4 exf4 10. gxf4 f5 11. Be3 Nd4 12. Nf3 fxe4 13. dxe4 Bg4 14. Qd2 Nec6 15. Nd5 Kh8 16. c3 Nxf3+ 17. Bxf3 Qh4 18.
Qf2 Qh5 19. Rae1 Rae8 20. Bd2 Ne5 21. Bxg4 Qxg4+ 22. Qg3 Qxg3+ 23. hxg3 Nd3 24. Re2 Nxb2 25. Rb1 Nc4 26. Rxb7 a5 27. Bc1 h5 28. f5 gxf5 29. Rh2 Rxe4 30. Rxh5+ Kg8 31. Ne7+ Rxe7 32. Rxe7 Bxc3 33.
Rg5+ Kh8 34. Rh5+ Kg8 35. Bh6 Bd4+ 36. Kf1 Rb8 37. Rg5+ Kh8 38. Bg7+ Bxg7 39. Rgxg7 Rb1+ 40. Kg2 Rb2+ 41. Kh3 Ne5 42. Rh7+ Kg8 43. Reg7+ Kf8 44. Ra7 Kg8 45. Rhc7 Rb8 46. Rxa5 c4 47. Ra6 Rd8 48.
a4 d5 49. Re6 Nf3 50. a5 Ng5+ 51. Kh4 Nxe6 52. Rc6 Nd4 53. Rc7 Nf3+ 54. Kh5 d4 55. a6 Ra8 56. a7 c3 57. Rb7 c2 58. Rb8+ Kf7 59. Rxa8 c1=Q 60. Rf8+ Ke7 61. Re8+ Kd7 62.
Rd8+ Kc7 63. Rc8+ Kxc8 64. a8=Q+ Kd7 65. Qxf3 Qc5 66. Kg6 Ke6 67. Qe2+ Qe5 68. Qc4+ Qd5 69. Qe2+ Kd6 70. Qa6+ Qc6 71. Qe2 Qe4 72. Qa6+ Kd5 73. Qb5+ Ke6 74. Qb6+ Ke5 75. Qc7+ Kd5 76. Qb7+ Kc4 77.
Qa6+ Kc3 78. Qa3+ Kd2 79. Qb2+ Ke3 80. Qc1+ Kf3 81. Qh1+ Kxg3 82. Qg1+ Kf3 83. Qf1+ Ke3 84. Qe1+ Kf4 85. Qh4+ Ke5 86. Qe7+ Kf4 87. Qh4+ Ke3 88.
Qe1+ Kd3 89. Qb1+ Kc4 90. Qa2+ Kc3 91. Qa1+ Kd2 92. Qb2+ Kd1 93. Qa1+ Ke2 94. Qb2+ Kf3 95. Qh2 d3 96. Qh1+ Ke3 97. Qe1+ Kf4 98. Qh4+ Kf3 99. Qh1+ Kf2 100. Qc1 f4+ 101. Kg7 Qe3 102. Qb2+ d2 103. Qc2 Ke1 104. Qa4 d1=Q 105. Qa5+ Qdd2 106. Qa1+ Ke2 107. Qa6+ Qed3 108.
Qe6+ Kf3 109. Qc6+ Qd5 110. Qa6 Q2d4+ 111. Kh6 Qd3 112. Qa4 Qd6+ 113. Kg7 Q3g6+ 114. Kh8 Qf8# 0-1

[Event "*** Titled Tuesday Blitz"]
[Site "Chess.com"]
[Date "2019.02.05"]
[Round "8"]
[White "FMJoseHerrera"]
[Black "snowlord"]
[Result "1/2-1/2"]
[WhiteElo "2574"]
[BlackElo "2694"]
[TimeControl "180+2"]
[EndTime "15:04:43 PST"]
[Termination "Game drawn by stalemate"]

1. Nf3 c5 2. g3 Nf6 3. Bg2 e6 4. d3 d5 5. c3 Nc6 6. a3 Be7 7.
b4 a5 8. b5 Nb8 9. O-O a4 10.
c4 O-O 11. Nc3 Qa5 12. Bd2 d4 13. Nd5 Qd8 14. Nxe7+ Qxe7 15. e3 dxe3 16. Bxe3 b6 17. Ne5 Bb7 18. Nc6 Bxc6 19. bxc6 Qc7 20. Qf3 Rc8 21. Bg5 Ne8 22. Qg4 Nxc6 23. Bf4 Qd7 24. Rab1 Ra6 25. Rfd1 Nf6 26. Qf3 Ne8 27. h4 Nd6 28.
Kh2 Nd4 29. Qg4 f5 30. Qh3 Nf7 31. h5 g5 32. hxg6 hxg6 33. Qh4 Kg7 34. Bg5 Nxg5 35. Qxg5 Ne2 36. Bf3 Nd4 37. Bg2 Ne2 38. Bf3 Nc3 39.
Kg2 Nxb1 40. Rh1 Rh8 41. Rxh8 Kxh8 42. Qh6+ Kg8 43. Qxg6+ Kf8 44. Qf6+ Qf7 45. Qd8+ Qe8 46. Qf6+ Qf7 47. Qd8+ Kg7 48. Qg5+ Kh7 49. Qh4+ Kg7 50. Qg5+ Qg6 51. Qe7+ Kg8 52. Qb7 Nd2 53. Qxa6 Nxf3 54.
Qa8+ Kg7 55. Qxf3 e5 56. Qb7+ Kh6 57. Qe7 e4 58. Qh4+ Kg7 59. Qe7+ Kg8 60. Qd8+ Kh7 61.
Qe7+ Kg8 62. dxe4 fxe4 63. Qd8+ Kf7 64. Qc7+ Kg8 65. Qb8+ Kh7 66. Qa7+ Kh6 67. Qxa4 e3 68. fxe3 Qe4+ 69. Kh3 Qh1+ 70. Kg4 Qe4+ 71. Kh3 Qh1+ 72. Kg4 Qe4+ 73. Kh3 Kg5 74. Qd1 Qxc4 75. Qd8+ Kh5 76.
Qh8+ Kg6 77. Qe8+ Kg5 78. Qd8+ Kh5 79. Qe8+ Kh6 80. Qc6+ Kg5 81. Qxb6 Qf1+ 82. Kh2 Qf2+ 83.
Kh3 Qf1+ 84. Kh2 Qe2+ 85. Kh3 Qg4+ 86. Kg2 Qe2+ 87. Kh3 Qxe3 88. Qd8+ Kg6 89. Qd6+ Kg5 90. Qd5+ Kg6 91. Qg8+ Kf6 92. Qf8+ Kg6 93. Qg8+ Kf6 94. a4 Qe4 95. Qf8+ Kg6 96. Qxc5 Qh1+ 97. Kg4 Qe4+ 98. Kh3 Qh1+ 99. Kg4 Qe4+ 100. Kh3 Qxa4 101. Qd6+ Kg5 102. Qe7+ Kg6 103. Qe6+ Kg5 104. Qg8+ Kf6 105. Qh8+ Kg6 106. Qh4 Qc2 107. Qg4+ Kf6 108. Qf4+ Kg6 109. Qg4+ Kf6 110. Qf3+ Kg7 111. g4 Qc1 112. Kh4 Qh6+ 113. Kg3 Qd6+ 114. Kh3 Qh6+ 115. Kg2 Qd2+ 116. Kg3 Qd6+ 117. Qf4 Qd1 118. Qe5+ Kg6 119. Qf5+ Kg7 120. Qf2 Qd3+ 121. Kg2 Qe4+ 122. Qf3 Qe5 123. Qb7+ Kg6 124. Qb1+ Kg7 125. Qd3 Qb2+ 126. Kh3 Qb7 127. Qd4+ Kg6 128. Qd6+ Kg7 129. Qe5+ Kg6 130. Qf5+ Kg7 131. Qg5+ Kf7 132. Qf5+ Kg7 133. Qe5+ Kf7 134. Kh4 Qh1+ 135. Kg5 Qc1+ 136. Kf5 Qf1+ 137. Kg5 Qc1+ 138. Kh5 Qh1+ 139. Kg5 Qc1+ 140. Qf4+ Qxf4+ 141. Kxf4 Kg6 142. Kf3 Kg5 143. Kg3 Kg6 144. Kf3 Kg5 145. Kg3 Kg6 146. Kf4 Kf6 147. g5+ Kg6 148. Kg4 Kg7 149. Kf5 Kf7 150. g6+ Kg7 151. Kg5 Kg8 152. Kf6 Kf8 153. Ke6 Kg7 154. Kf5 Kg8 155. Kf6 Kf8 156. g7+ Kg8 157. Kg6 1/2-1/2

[Event "*** Titled Tuesday Blitz"]
[Site "Chess.com"]
[Date "2019.02.05"]
[Round "9"]
[White "Quiet_Desperation"]
[Black "BvsN"]
[Result "0-1"]
[WhiteElo "2404"]
[BlackElo "2303"]
[TimeControl "180+2"]
[EndTime "15:06:06 PST"]
[Termination "BvsN won by resignation"]

1. e4 c5 2. d4 cxd4 3. c3 Nf6 4. e5 Nd5 5. Nf3 e6 6. Bc4 Nc6 7. O-O d6 8. cxd4 Nb6 9. Bd3 Nb4 10. Qa4+ Nxa4 0-1

[Event "*** Titled Tuesday Blitz"]
[Site "Chess.com"]
[Date "2019.02.05"]
[Round "9"]
[White "staz_staz"]
[Black "Th3ChessViking"]
[Result "1/2-1/2"]
[WhiteElo "2361"]
[BlackElo "2465"]
[TimeControl "180+2"]
[EndTime "15:06:13 PST"]
[Termination "Game drawn by agreement"]

1. c4 c5 2. Nf3 g6 3. g3 Bg7 4. Bg2 Nc6 5. Nc3 d6 6. e4 Bg4 7. d3 Nf6 8. h3 Bxf3 9. Bxf3 Nd7 10. O-O Nf8 11. Bg2 Ne6 12. Be3 O-O 13. f4 Ned4 14.
f5 a6 15. Qg4 Ne5 1/2-1/2

[Event "*** Titled Tuesday Blitz"]
[Site "Chess.com"]
[Date "2019.02.05"]
[Round "9"]
[White "LucaBrasi1968"]
[Black "Godzillator"]
[Result "1-0"]
[WhiteElo "2458"]
[BlackElo "2383"]
[TimeControl "180+2"]
[EndTime "15:07:06 PST"]
[Termination "LucaBrasi1968 won by resignation"]

1. e4 c6 2. d4 d5 3. Nd2 dxe4 4.
Nxe4 Bf5 5. Ng3 Bg6 6. Nh3 Nf6 7. Nf4 e5 8. dxe5 Qa5+ 9. Bd2 Qxe5+ 10. Qe2 Qxe2+ 11.
Bxe2 Bxc2 12. O-O Bd6 13. Rac1 Bg6 14. h4 Bxf4 15. Bxf4 h6 16. Bd6 Nbd7 17. Rfe1 O-O-O 18. Rxc6+ 1-0

[Event "*** Titled Tuesday Blitz"]
[Site "Chess.com"]
[Date "2019.02.05"]
[Round "9"]
[White "Zufi1811"]
[Black "SolidAsARook"]
[Result "1-0"]
[WhiteElo "2363"]
[BlackElo "2206"]
[TimeControl "180+2"]
[EndTime "15:07:20 PST"]
[Termination "Zufi1811 won by resignation"]

1. g3 d5 2. Bg2 e6 3. f4 f5 4.
Nf3 Nf6 5. O-O Be7 6. d3 O-O 7. Nc3 b6 8. e4 dxe4 9. dxe4 Bc5+ 10. Kh1 Ng4 11. Qxd8 Rxd8 12. h3 Ne3 13. Bxe3 Bxe3 14. Rad1 Rf8 15. exf5 exf5 16. Nd5 1-0

[Event "*** Titled Tuesday Blitz"]
[Site "Chess.com"]
[Date "2019.02.05"]
[Round "9"]
[White "WorldChampionBulletChess"]
[Black "GremioPrudente"]
[Result "1/2-1/2"]
[WhiteElo "2092"]
[BlackElo "2056"]
[TimeControl "180+2"]
[EndTime "15:07:20 PST"]
[Termination "Game drawn by agreement"]

1. d4 d5 2. Nf3 e6 3. Bf4 Bd6 4. Bg3 Nf6 5. Nbd2 O-O 6. e3 c5 7.
dxc5 Bxc5 8. Bd3 Nc6 9. c3 Qe7 10. Qe2 e5 11. Bb5 Bg4 12. h3 Bxf3 13. Nxf3 e4 14. Nd4 Nxd4 15. cxd4 Bd6 16. Bxd6 Qxd6 17.
O-O Rac8 1/2-1/2

[Event "*** Titled Tuesday Blitz"]
[Site "Chess.com"]
[Date "2019.02.05"]
[Round "9"]
[White "BillForster"]
[Black "PotapovaM"]
[Result "0-1"]
[WhiteElo "1723"]
[BlackElo "2408"]
[TimeControl "180+2"]
[EndTime "15:08:14 PST"]
[Termination "PotapovaM won by resignation"]

1. d4 Nf6 2. c4 g6 3. Nc3 d5 4.
cxd5 Nxd5 5. Bd2 Bg7 6. e4 Nxc3 7. Bxc3 O-O 8. Nf3 b6 9. Bd3 Bb7 10. h4 h5 11. Qb3 Nc6 12. e5 a5 13. Bxg6 a4 14. Qe6 0-1

[Event "*** Titled Tuesday Blitz"]
[Site "Chess.com"]
[Date "2019.02.05"]
[Round "9"]
[White "Shukh_Nikolay"]
[Black "KlyashtornyVladislav"]
[Result "1-0"]
[WhiteElo "2414"]
[BlackElo "2202"]
[TimeControl "180+2"]
[EndTime "15:08:41 PST"]
[Termination "Shukh_Nikolay won by resignation"]

1. Nf3 Nf6 2. c4 g6 3. b3 Bg7 4. Bb2 O-O 5. g3 d5 6. cxd5 Nxd5 7. Bxg7 Kxg7 8. Bg2 Nc6 9. O-O e5 10. d3 Be6 11. Nbd2 Qe7 12. Nc4 f6 13. Rc1 Rad8 14. Qd2 Nb6 15. Na5 Nxa5 16. Qxa5 Ra8 17. Nd2 c6 18. Ne4 Bd5 19. Qc5 Qxc5 20. Nxc5 Rf7 21. e4 1-0

[Event "*** Titled Tuesday Blitz"]
[Site "Chess.com"]
[Date "2019.02.05"]
[Round "9"]
[White "Iyael"]
[Black "Anar_Aliakbarov"]
[Result "0-1"]
[WhiteElo "2002"]
[BlackElo "2446"]
[TimeControl "180+2"]
[EndTime "15:09:38 PST"]
[Termination "Anar_Aliakbarov won by resignation"]

1. e4 c5 2. c3 d5 3. exd5 Qxd5 4. d4 Bf5 5. Nf3 Nc6 6. Be2 cxd4 7. cxd4 Bxb1 8.
Rxb1 Qxa2 9. Be3 e6 10. O-O Nf6 11. Bb5 Qd5 12. Qa4 a6 13. Bc4 Qd7 14. Qa2 Bd6 15.
Rfd1 Nb4 16. Qb3 b5 17. Be2 Nbd5 18. Ne5 Qe7 19. Bg5 O-O 20. Bf3 Rfd8 21. Nc6 Qc7 22. Nxd8 Rxd8 23. Rbc1 Qb8 24. h3 h6 25. Bxd5 hxg5 26. Bf3 Bf4 27. Rc6 a5 28. g3 Bxg3 29. fxg3 Qxg3+ 30. Bg2 Qxb3 0-1

[Event "*** Titled Tuesday Blitz"]
[Site "Chess.com"]
[Date "2019.02.05"]
[Round "9"]
[White "regular_legs"]
[Black "DoHoChess"]
[Result "1-0"]
[WhiteElo "2492"]
[BlackElo "2588"]
[TimeControl "180+2"]
[EndTime "15:09:43 PST"]
[Termination "regular_legs won by resignation"]

1. d4 Nf6 2. c4 e6 3. Nc3 Bb4 4. Nf3 d5 5. Qb3 Nc6 6. Bg5 h6 7. Bxf6 Qxf6 8. e3 O-O 9. cxd5 exd5 10. Qxd5 Bg4 11. Be2 Rad8 12. Qb5 a6 13. Qxb7 Bc8 14. Qxc7 Bd6 15. Qxc6 1-0

[Event "*** Titled Tuesday Blitz"]
[Site "Chess.com"]
[Date "2019.02.05"]
[Round "9"]
[White "2165149677570"]
[Black "m3alam"]
[Result "1-0"]
[WhiteElo "2321"]
[BlackElo "2145"]
[TimeControl "180+2"]
[EndTime "15:09:43 PST"]
[Termination "2165149677570 won by resignation"]

1. e4 c6 2. d4 d5 3. exd5 cxd5 4. c4 Nf6 5. Nc3 Nc6 6. Bg5 dxc4 7. Bxc4 Qxd4 8. Qxd4 Nxd4 9. O-O-O e5 10. f4 Bg4 11.
Nf3 Rc8 12. fxe5 Rxc4 13. Rxd4 Rxd4 14. Nxd4 h6 15. Bxf6 gxf6 16. exf6 Bc5 17. Re1+ Kd7 18. Nb3 Bd6 19. h3 Be6 20. Nd4 Bc4 21. Nf5 Bf4+ 22.
Kc2 Be6 23. Ng7 Bc4 24. Re4 1-0

[Event "*** Titled Tuesday Blitz"]
[Site "Chess.com"]
[Date "2019.02.05"]
[Round "9"]
[White "NotFischer"]
[Black "DonPreuss"]
[Result "0-1"]
[WhiteElo "2121"]
[BlackElo "2204"]
[TimeControl "180+2"]
[EndTime "15:09:49 PST"]
[Termination "DonPreuss won by resignation"]

1. d4 Nc6 2. Nf3 d6 3. e4 g6 4. Nc3 Bg7 5. Be2 e5 6. d5 Nb8 7. O-O Ne7 8. Bg5 O-O 9. Qd2 f5 10.
Bh6 f4 11. Bxg7 Kxg7 12. Ne1 g5 13. f3 h5 14. Nd3 Ng6 15. Kf2 g4 16. Ke1 Qh4+ 17. Kd1 Qxh2 18. Ne1 g3 19. Kc1 h4 20.
Bd3 h3 21. gxh3 Qxd2+ 22. Kxd2 Bxh3 23. Rg1 Kf6 24. Ng2 Rh8 25. Ne2 Nd7 26. c4 Bxg2 27.
Rxg2 Nh4 0-1

[Event "*** Titled Tuesday Blitz"]
[Site "Chess.com"]
[Date "2019.02.05"]
[Round "9"]
[White "MFguimaraes"]
[Black "AkibaRubi"]
[Result "1-0"]
[WhiteElo "2288"]
[BlackElo "2519"]
[TimeControl "180+2"]
[EndTime "15:09:54 PST"]
[Termination "MFguimaraes won on time"]

1. e4 e5 2. Nf3 Nc6 3. Bc4 Bc5 4. b4 Bxb4 5. c3 Ba5 6. d4 exd4 7. O-O d6 8. Qb3 Qe7 9. cxd4 Nf6 10. e5 dxe5 11. dxe5 Ng4 12. Ba3 Qd7 13. Nc3 Ne7 14. h3 1-0

[Event "*** Titled Tuesday Blitz"]
[Site "Chess.com"]
[Date "2019.02.05"]
[Round "9"]
[White "Gentlejimmy7"]
[Black "Nathan_Filgueiras"]
[Result "1-0"]
[WhiteElo "2311"]
[BlackElo "2277"]
[TimeControl "180+2"]
[EndTime "15:10:02 PST"]
[Termination "Gentlejimmy7 won by resignation"]

1. d4 Nf6 2. Nf3 e6 3. g3 b6 4. c4 Bb7 5. Nc3 Bb4 6. Bg2 O-O 7. O-O d5 8. cxd5 exd5 9. Ne5 Be7 10. Qa4 c5 11.
dxc5 bxc5 12. Rd1 Qc7 13. Bf4 Bd6 14. Nb5 Bc6 15. Nxc7 Bxa4 16. Nxa8 Na6 17. b3 Bb5 18. Bxd5 Nxd5 19. Rxd5 Bxe5 20. Bxe5 Bxe2 21. Nc7 1-0

[Event "*** Titled Tuesday Blitz"]
[Site "Chess.com"]
[Date "2019.02.05"]
[Round "9"]
[White "Maikrosoft63"]
[Black "FMJoseHerrera"]
[Result "1-0"]
[WhiteElo "2574"]
[BlackElo "2566"]
[TimeControl "180+2"]
[EndTime "15:10:04 PST"]
[Termination "Maikrosoft63 won by resignation"]

1. e4 c5 2. Nf3 e6 3. b3 b6 4. Bb2 Bb7 5. Nc3 d6 6. Bb5+ Nd7 7. Qe2 a6 8. Bxd7+ Qxd7 9. d4 cxd4 10. Nxd4 Rc8 11. O-O-O Qc7 12. g4 Ne7 13. g5 Ng6 14. h4 Be7 15. Kb1 Nf4 16. Qe3 e5 17. Nf5 g6 18.
Nxe7 Kxe7 19. Rd2 b5 20. Rhd1 b4 21. Na4 Qc6 22. f3 Rhd8 23. Nb6 Rc7 24. Nc4 Rcd7 25. Bxe5 Ng2 26. Bf6+ Kf8 27. Rxg2 d5 28. Ne5 1-0

[Event "*** Titled Tuesday Blitz"]
[Site "Chess.com"]
[Date "2019.02.05"]
[Round "9"]
[White "Babbelbox"]
[Black "Vadim_Biliy"]
[Result "1-0"]
[WhiteElo "2515"]
[BlackElo "2119"]
[TimeControl "180+2"]
[EndTime "15:10:12 PST"]
[Termination "Babbelbox won by checkmate"]

1. e4 d6 2. Nf3 Nf6 3. Nc3 g6 4. d4 Bg7 5. Bc4 Nxe4 6. Bxf7+ Kxf7 7. Nxe4 h6 8. O-O e6 9. Re1 Nd7 10. c4 Nf8 11. d5 Kg8 12. Be3 Bd7 13. Bd4 e5 14.
Bc3 Qe7 15. b4 Re8 16. c5 Nh7 17. a4 Nf6 18. a5 Bf5 19. Nxf6+ Bxf6 20. Nd2 dxc5 21.
bxc5 Qxc5 22. Qb3 b6 23. axb6 axb6 24. Ra7 Re7 25. d6+ Rf7 26. Rxc7 Qxd6 27. Qxf7# 1-0

[Event "*** Titled Tuesday Blitz"]
[Site "Chess.com"]
[Date "2019.02.05"]
[Round "9"]
[White "Lion_DL"]
[Black "Romn69"]
[Result "1-0"]
[WhiteElo "2412"]
[BlackElo "2243"]
[TimeControl "180+2"]
[EndTime "15:10:19 PST"]
[Termination "Lion_DL won by resignation"]

1. e4 c5 2. Nf3 Nc6 3. Bb5 g6 4.
O-O Bg7 5. c3 Nf6 6. d4 cxd4 7.
cxd4 Nxe4 8. d5 Nd6 9. Na3 Nb8 10. Re1 Nxb5 11. Nxb5 d6 12. Qe2 Bg4 13. Qc4 Bxf3 14. Nc7+ Kf8 15. Bg5 Bf6 16. Bxf6 exf6 17. Re8+ Qxe8 18.
Nxe8 Nd7 19. Nxd6 Bh5 20. Qc7 Ne5 21. f4 1-0

[Event "*** Titled Tuesday Blitz"]
[Site "Chess.com"]
[Date "2019.02.05"]
[Round "9"]
[White "idvidal"]
[Black "AbdAlAgathos"]
[Result "1-0"]
[WhiteElo "2465"]
[BlackElo "2334"]
[TimeControl "180+2"]
[EndTime "15:10:28 PST"]
[Termination "idvidal won by resignation"]

1. d4 f5 2. Bg5 g6 3. Nf3 Bg7 4. e3 Nf6 5. c4 O-O 6. Nc3 d6 7. Be2 Kh8 8. O-O Be6 9. d5 Bg8 10. Nd4 c5 11. Nb3 h6 12. Bh4 Nbd7 13. Nd2 a6 14. Qc2 Rb8 15. a4 e5 16. dxe6 Bxe6 17.
Rad1 Qe8 18. Nf3 Qf7 19. Rxd6 Bxc4 20. Bxf6 Nxf6 21. Ne5 Qe7 22. Nxg6+ 1-0

[Event "*** Titled Tuesday Blitz"]
[Site "Chess.com"]
[Date "2019.02.05"]
[Round "9"]
[White "GrandGlacier"]
[Black "Jospem"]
[Result "0-1"]
[WhiteElo "2206"]
[BlackElo "2866"]
[TimeControl "180+2"]
[EndTime "15:10:37 PST"]
[Termination "Jospem won by resignation"]

1. e4 c5 2. Nf3 d6 3. d4 cxd4 4.
Nxd4 Nf6 5. Nc3 a6 6. h3 e5 7. Nde2 h5 8. Bg5 Be6 9. g3 Nbd7 10. Bg2 b5 11. O-O Be7 12. f4 Rc8 13. Nd5 Bxd5 14.
exd5 O-O 15. fxe5 Nxe5 16. Nf4 g6 17. Bh6 Re8 18. Nd3 Qb6+ 19. Kh1 Nfd7 20. a4 bxa4 21.
Rxa4 Nxd3 22. Qxd3 Ne5 23. Qxa6 Qxb2 24. Re4 Rxc2 25.
Qa4 Rec8 26. Qa7 Rxg2 0-1

[Event "*** Titled Tuesday Blitz"]
[Site "Chess.com"]
[Date "2019.02.05"]
[Round "9"]
[White "VFernandezB"]
[Black "MateusViageiro"]
[Result "1-0"]
[WhiteElo "2298"]
[BlackElo "2197"]
[TimeControl "180+2"]
[EndTime "15:11:08 PST"]
[Termination "VFernandezB won by resignation"]

1. e4 c5 2. Nf3 d6 3. d4 cxd4 4. Nxd4 Nf6 5. Nc3 a6 6. Bg5 e6 7. f4 Qc7 8. Qf3 Nbd7 9. O-O-O Be7 10. Bd3 b5 11. Rhe1 Bb7 12. Qg3 Nc5 13. e5 dxe5 14. fxe5 Nh5 15. Qh4 Nxd3+ 16. Rxd3 g6 17. Ndxb5 axb5 18. Nxb5 Bxg5+ 19. Qxg5 Qe7 20. Nd6+ Kf8 21. Qxe7+ Kxe7 22. Nxb7 Rxa2 23. Re4 Rb8 24. Rb4 Ra7 25. Rdb3 Ng7 26. g4 Ne8 27. Nc5 Ra1+ 28. Kd2 Rd8+ 29.
Rd3 Rxd3+ 30. cxd3 Rh1 31. Rb7+ Kf8 32. g5 Rxh2+ 33. Kc3 Rg2 34. Ne4 h5 35. gxh6 Rh2 36. Rb8 Ke7 37. h7 Rh5 38. Rxe8+ 1-0

[Event "*** Titled Tuesday Blitz"]
[Site "Chess.com"]
[Date "2019.02.05"]
[Round "9"]
[White "MartinMatthiesen"]
[Black "AryanTari"]
[Result "0-1"]
[WhiteElo "2507"]
[BlackElo "2803"]
[TimeControl "180+2"]
[EndTime "15:11:13 PST"]
[Termination "AryanTari won by resignation"]

1. d4 d5 2. c4 dxc4 3. e3 e5 4. Bxc4 Nc6 5. Nf3 e4 6. Nfd2 Qg5 7. Nxe4 Qxg2 8. Ng3 Nf6 9. Nc3 Bb4 10. Bd2 Bxc3 11.
Bxc3 Ne4 12. Rf1 Nxc3 13. bxc3 O-O 14. Qh5 g6 15. Qd5 Bh3 16. Qxg2 Bxg2 17. Rg1 Bf3 18. Rb1 Rad8 19. Be2 Bxe2 20. Nxe2 b6 21. h4 Na5 22.
Nf4 Nc4 23. Ke2 Rfe8 24. h5 Kg7 25. Rg4 Nd6 26. Rh1 Ne4 27. c4 Nf6 28. Rgg1 Rxd4 29. c5 Rxf4 0-1

[Event "*** Titled Tuesday Blitz"]
[Site "Chess.com"]
[Date "2019.02.05"]
[Round "9"]
[White "albi1999"]
[Black "TST2014"]
[Result "1/2-1/2"]
[WhiteElo "2498"]
[BlackElo "2520"]
[TimeControl "180+2"]
[EndTime "15:11:13 PST"]
[Termination "Game drawn by repetition"]

1. d4 Nf6 2. c4 g6 3. g3 Bg7 4.
Bg2 O-O 5. Nc3 d6 6. Nf3 c5 7. O-O Nc6 8. dxc5 dxc5 9. Bf4 Be6 10. Ne5 Nxe5 11. Bxe5 Qc8 12. Qb3 Ng4 13. Bxb7 Bxc4 14. Bxg7 Bxb3 15. Bxc8 Rfxc8 16. axb3 Kxg7 17. Ra5 a6 18.
Rfa1 Rc6 19. Ne4 c4 20. bxc4 Rxc4 21. f3 Nf6 22. Nxf6 exf6 23. Kf2 Rb4 24. R1a2 Rab8 25.
Rxa6 Rxb2 26. Rxb2 Rxb2 27. h4 h5 28. Ra4 f5 29.
Ra6 Rc2 30. Ra4 Rc1 31. Ra3 Rh1 32. Kg2 Re1 33. Kf2 Rb1 34. Rd3 Kf6 35. Rd6+ Ke5 36. Rc6 Rh1 37. Kg2 Re1 38. Kf2 Rh1 39. Kg2 Re1 40.
Kf2 Rh1 1/2-1/2

[Event "*** Titled Tuesday Blitz"]
[Site "Chess.com"]
[Date "2019.02.05"]
[Round "9"]
[White "gmcorrales"]
[Black "LyonBeast"]
[Result "0-1"]
[WhiteElo "2765"]
[BlackElo "2916"]
[TimeControl "180+2"]
[EndTime "15:11:17 PST"]
[Termination "LyonBeast won by resignation"]

1. e4 c5 2. Nf3 d6 3. d4 cxd4 4. Nxd4 Nf6 5. Nc3 a6 6. h3 e5 7.
Nb3 Be6 8. f4 g6 9. g4 exf4 10.
Bxf4 Nh5 11. Be3 Ng3 12. Qd4 Nxh1 13. Qxh8 Qh4+ 14. Kd2 Nc6 15. Nd5 O-O-O 16. Bxa6 Ng3 17. Bd3 Qxh3 18. Qf6 Qg2+ 19. Qf2 Nxe4+ 20. Bxe4 Qxe4 21. Nb6+ Kb8 22. Re1 Qxg4 23. Kc1 Bg7 24. Kb1 Qf5 25. Qd2 h5 26. Nc5 dxc5 27. Qe2 Qe5 28. Qb5 Qxe3 0-1

[Event "*** Titled Tuesday Blitz"]
[Site "Chess.com"]
[Date "2019.02.05"]
[Round "9"]
[White "RoelandPruijssers"]
[Black "justantan"]
[Result "1-0"]
[WhiteElo "2567"]
[BlackElo "2707"]
[TimeControl "180+2"]
[EndTime "15:11:17 PST"]
[Termination "RoelandPruijssers won by resignation"]

1. d4 Nf6 2. c4 e6 3. Nf3 d5 4. Nc3 dxc4 5. e4 Bb4 6. Bg5 c5 7. Bxc4 cxd4 8. Nxd4 Bxc3+ 9. bxc3 Qa5 10. Bxf6 Qxc3+ 11. Kf1 gxf6 12. Rc1 Qa5 13. h4 Nd7 14. Rh3 Ne5 15.
Bb5+ Bd7 16. Bxd7+ Nxd7 17. Rhc3 O-O 18. Nxe6 Qb5+ 19.
Qd3 Qxd3+ 20. Rxd3 Ne5 21. Rg3+ Kh8 22. Nxf8 Rxf8 23.
Rgc3 Nc6 24. Rd1 Re8 25. Rd7 Rxe4 26. Rxb7 Ne5 27. Rxa7 Rb4 28. g3 Kg7 29. Kg2 Rb2 30. a4 Ng4 31. Rf3 Ne5 32. Rf4 Nd3 33. Rf5 Kg6 34.
Raa5 Ra2 35. h5+ Kg7 36. Ra6 Ne1+ 37. Kf1 Nc2 38. Rfxf6 Nb4 39. h6+ Kf8 40. Ra8+ Ke7 41. Rf4 Nd3 42. Ra7+ Ke6 43. Rfxf7 1-0

[Event "*** Titled Tuesday Blitz"]
[Site "Chess.com"]
[Date "2019.02.05"]
[Round "9"]
[White "Parhamov"]
[Black "Genghis_K"]
[Result "0-1"]
[WhiteElo "2960"]
[BlackElo "2848"]
[TimeControl "180+2"]
[EndTime "15:11:23 PST"]
[Termination "Genghis_K won by resignation"]

1. Nf3 Nf6 2. g3 g6 3. b3 Bg7 4. Bb2 d6 5. d4 c5 6. c4 Ne4 7.
Bg2 Qa5+ 8. Nfd2 Nxd2 9. Bc3 Qb6 10. dxc5 Nxb1 11. Bxg7 Qb4+ 12. Kf1 Rg8 13. Bh6 Na3 14.
cxd6 Qxd6 15. Qc1 Nc6 16. Bd2 Bf5 17. Bf4 e5 18. c5 Qe6 19. e4 Bh3 20. Qxa3 Bxg2+ 21. Kxg2 exf4 22. b4 Qxe4+ 23. Kh3 O-O-O 24. b5 Qf5+ 25. Kg2 Rd3 26. Qc1 f3+ 27. Kg1 Nd4 0-1

[Event "*** Titled Tuesday Blitz"]
[Site "Chess.com"]
[Date "2019.02.05"]
[Round "9"]
[White "AlexTruskavetsky"]
[Black "wonderfultime"]
[Result "0-1"]
[WhiteElo "2292"]
[BlackElo "2872"]
[TimeControl "180+2"]
[EndTime "15:11:26 PST"]
[Termination "wonderfultime won on time"]

1. d4 d5 2. c4 c6 3. Nf3 Nf6 4.
g3 Bf5 5. Nh4 Be4 6. f3 Bxb1 7.
Rxb1 e6 8. Qb3 Qb6 9. c5 Qxb3 10. axb3 b6 11. b4 a5 12. Ra1 Na6 13. Bd2 Rb8 14.
e4 Nxb4 15. Bxb4 axb4 16. e5 Nd7 17. cxb6 Rxb6 18. Kd2 Be7 19. Ng2 O-O 20. f4 c5 21.
Ra7 Rd8 22. Be2 Bf8 23. Rc1 c4 24. Rca1 Nb8 25. Rc7 b3 26. Raa7 Nc6 27. Ra1 Nxd4 0-1